 Dungeon Crawl Stone Soup version 0.28.0-53-g5a82cb258f (webtiles) character file.

Game seed: 15006052298282345997

3496 Cape the Fighter (level 9, -5/78 (85) HPs)
             Began as a Minotaur Berserker on Aug 11, 2022.
             Was an Elder of Trog.
             Slain by a wight
             ... wielding a +6 great sword
              (8 damage)
             ... on level 8 of the Dungeon.
             The game lasted 00:23:26 (7750 turns).

Cape the Fighter (Minotaur Berserker)               Turns: 7750, Time: 00:23:27

HP:   -5/78 (85)    AC: 11    Str: 30    XL:     9   Next: 80%
MP:   8/8           EV: 12    Int:  4    God:    Trog [****..]
Gold: 268           SH:  0    Dex: 10    Spells: 8/8 levels left

rFire   . . .      SeeInvis +   E - +1 scimitar of the Original Sin {vorpal, Str+4}
rCold   + . .      Faith    .   (no shield)
rNeg    . . .      Spirit   .   e - +0 scale mail
rPois   .          Reflect  .   (helmet restricted)
rElec   .          Harm     .   r - +0 cloak
rCorr   .          Rampage  .   (no gloves)
Will    .....                   n - +0 pair of boots
Stlth   ..........              (no amulet)
HPRegen 0.23/turn               b - ring of see invisible
MPRegen 0.11/turn               h - ring of protection from cold

@: drained
A: horns 2, retaliatory headbutt
a: Renounce Religion, Berserk, Trog's Hand, Brothers in Arms


You were on level 8 of the Dungeon.
You worshipped Trog.
Trog was greatly pleased with you.
You visited 2 branches of the dungeon, and saw 9 of its levels.

You collected 268 gold pieces.

Inventory:

Hand Weapons
 a - a +0 war axe
 x - a +2 morningstar
 E - the +1 scimitar of the Original Sin (weapon) {vorpal, Str+4}
   (You found it on level 7 of the Dungeon)

   It inflicts extra damage upon your enemies.
   Str:       It affects your strength (+4).
Missiles
 i - 15 poisoned darts
 t - 8 atropa-tipped darts
Armour
 e - a +0 scale mail (worn)
 n - a +0 pair of boots (worn)
 r - a +0 cloak (worn)
Jewellery
 b - a ring of see invisible (left hand)
 h - a ring of protection from cold (right hand)
 s - a ring of positive energy
Wands
 j - a wand of flame (23) (quivered)
 q - a wand of polymorph (13)
 w - a wand of charming (8)
 A - a wand of iceblast (2)
Scrolls
 c - 5 scrolls of teleportation
 d - a scroll of amnesia
 g - a scroll of enchant weapon
 y - a scroll of vulnerability {unknown}
 z - 2 scrolls of identify
 C - a scroll of magic mapping {unknown}
 D - a scroll of noise {unknown}
Potions
 f - a potion of haste
 k - 2 potions of heal wounds
 l - 2 potions of attraction
 m - 2 potions of experience {unknown}
 o - 2 potions of might
 p - a potion of flight {unknown}
 u - a potion of brilliance {unknown}
 v - a potion of resistance {unknown}
 B - 3 potions of curing {unknown}


   Skills:
 * Level 9.8 Fighting
 * Level 2.0 Long Blades
 - Level 7.0 Axes
 * Level 9.2 Armour
 + Level 6.3 Dodging
 + Level 4.4 Evocations


You had 8 spell levels left.
You didn't know any spells.
Your spell library was empty.

Dungeon Overview and Level Annotations

Branches:
Dungeon (8/15)             Temple (1/1) D:7
   Lair: D:8-11

Altars:
Ashenzari
Cheibriados
Dithmenos
Elyvilon
Fedhas
Gozag
Hepliaklqana
Kikubaaqudgha
Makhleb
Nemelex Xobeh
Okawaru
Qazlal
Ru
Sif Muna
Trog
Uskayaw
Vehumet
Wu Jian
Xom
Yredelemnul
Zin
The Shining One


Innate Abilities, Weirdness & Mutations

You have a pair of horns on your head.
You reflexively headbutt those who attack you in melee.


Message History

You slash the orc warrior!
You kill the orc warrior!
Trog accepts your kill.
The wight hits you with a +6 great sword!
You feel drained. The orc wizard casts a spell at you.
You are confused.
The wight misses you. The orc wizard casts a spell at you.
The puff of flame hits you!
The wight hits you with a +6 great sword!
* * * LOW HITPOINT WARNING * * *
Your Long Blades skill increases to level 2!
You feel much better. The wight hits you with a +0 scimitar!
You feel drained.
* * * LOW HITPOINT WARNING * * *
The wight hits you with a +6 great sword.
* * * LOW HITPOINT WARNING * * *
You feel drained.
* * * LOW HITPOINT WARNING * * *
Okay, then.
You are too confused!
You closely miss the orc wizard. The wight barely misses you.
The wight hits you with a +6 great sword!
* * * LOW HITPOINT WARNING * * *
The orc wizard hits you but does no damage.
You miss the orc wizard. The wight hits you but does no damage.
The wight closely misses you. The orc wizard barely misses you.
The wight closely misses you.
You closely miss the orc wizard.
The wight hits you with a +6 great sword!
* * * LOW HITPOINT WARNING * * *
The orc wizard barely misses you. The wight hits you with a +0 scimitar.
* * * LOW HITPOINT WARNING * * *
You feel drained. The wight misses you.
You bump into the rock wall.
You feel less confused.
The orc wizard hits you but does no damage.
The wight hits you but does no damage.
The wight hits you with a +6 great sword!
You die...

#...........# ..
#...........##...
#...#...........
##...#...........
#....)......#
..#....†<.#
##..o.###
###o#.## #@#..+
#zz>.# #.z..z.###
..z......+
..###..### ...
#... .... .....


You could see 3 wights, an orc wizard and an orc.

Vanquished Creatures
  Pikel (D:5)
  Sigmund (D:5)
  3 vampire mosquitoes (D:7)
  Menkaure (D:4)
  An ice beast (D:7)
  An orc warrior (D:8)
  A sky beast (D:7)
  2 black bears
  A necrophage (D:6)
  2 ogres
  3 centaurs
  2 lemures (D:5)
  A phantom (D:4)
  A kobold brigand (D:7)
  Blork the orc (D:4)
  A bullfrog (D:7)
  A water moccasin zombie (D:3)
  A water moccasin skeleton (D:5)
  4 wights (D:8)
  A howler monkey (D:8)
  A centaur zombie (D:8)
  2 bullfrog skeletons (D:5)
  Crazy Yiuf (D:3)
  A centaur skeleton (D:4)
  2 orc priests
  5 hounds
  A gnoll shaman (D:7)
  Jessica (D:3)
  2 iguanas
  Ijyb (D:3)
  3 orc wizards
  A hound skeleton (D:4)
  Robin (D:3)
  4 gnolls (D:7)
  8 adders
  A shadow imp (D:6)
  4 white imps
  A worm (D:3)
  2 dart slugs
  10 orcs
  6 ball pythons
  6 endoplasms
  4 giant cockroaches
  15 goblins
  10 hobgoblins
  11 jackals
  14 kobolds
  3 quokkas
  3 bats
  3 frilled lizards
  8 rats
165 creatures vanquished.

Vanquished Creatures (others)
  7 plants (D:1)
7 creatures vanquished.

Grand Total: 172 creatures vanquished

Notes
Turn   | Place    | Note
-------+----------+-------------------------------------------
     0 | D:1      | Cape the Minotaur Berserker began the quest for the Orb.
     0 | D:1      | Reached XP level 1. HP: 19/19 MP: 0/0
    78 | D:1      | Reached XP level 2. HP: 18/27 MP: 1/1
   659 | D:1      | Reached XP level 3. HP: 33/33 MP: 2/2
  1425 | D:2      | Reached ** piety under Trog
  1547 | D:2      | Found a faded altar of an unknown god.
  1796 | D:2      | Reached XP level 4. HP: 36/41 MP: 3/3
  2039 | D:3      | Noticed Jessica
  2049 | D:3      | Killed Jessica
  2100 | D:3      | Reached XP level 5. HP: 46/47 MP: 4/4
  2189 | D:3      | Reached skill level 5 in Fighting
  2299 | D:3      | Reached skill level 1 in Evocations
  2401 | D:3      | Found an opulent altar of Gozag.
  2439 | D:3      | Noticed Robin
  2450 | D:3      | Killed Robin
  2550 | D:3      | Found a runed translucent door.
  2551 | D:3      | Noticed Crazy Yiuf
  2582 | D:3      | Reached XP level 6. HP: 46/56 MP: 5/5
  2696 | D:3      | Noticed Ijyb
  2713 | D:3      | Killed Ijyb
  3067 | D:3      | Killed Crazy Yiuf
  3312 | D:4      | Reached skill level 5 in Armour
  3316 | D:4      | Reached *** piety under Trog
  3430 | D:4      | Reached XP level 7. HP: 61/63 MP: 6/6
  3594 | D:4      | Reached skill level 5 in Axes
  3605 | D:4      | Noticed Menkaure
  3610 | D:4      | Killed Menkaure
  3836 | D:4      | Found a hazy altar of Hepliaklqana.
  3849 | D:4      | Noticed Blork the orc
  3860 | D:4      | Killed Blork the orc
  4251 | D:5      | Entered Level 5 of the Dungeon
  4281 | D:5      | Noticed Pikel
  4311 | D:5      | Killed Pikel
  4312 | D:5      | Reached XP level 8. HP: 73/73 MP: 7/7
  4566 | D:5      | Noticed Sigmund
  4574 | D:5      | Killed Sigmund
  4575 | D:5      | Reached skill level 5 in Dodging
  5612 | D:6      | Identified the +1 leather armour of Defiance {Dex+3}
  5684 | D:6      | Found Fainut's Antique Weapon Shoppe.
  5860 | D:6      | Reached XP level 9. HP: 82/82 MP: 8/8
  6491 | D:7      | Reached **** piety under Trog
  7021 | D:7      | Found a staircase to the Ecumenical Temple.
  7234 | D:7      | Identified the +1 scimitar of the Original Sin {vorpal,
                  | Str+4}
  7322 | Temple   | Entered the Ecumenical Temple
  7717 | D:8      | Reached skill level 1 in Long Blades
  7749 | D:8      | HP: 2/79 [wight/+0 scimitar (3)]
  7750 | D:8      | Slain by a wight

Illustrated notes

Levels and vault maps discovered:
D:1:      eino_arrival_tree_alley, layout_loops_ring, serial_bayou,
          serial_bayou_lagoon_b, serial_bayou_pond_b, serial_bayou_shore_b,
          serial_bayou_pond_a, serial_bayou_shore_a
D:2:      layout_basic, nicolae_ecumenical_pavilion
D:3:      layout_loops_corners, overflow_temple_1_default,
          chequers_serial_rivers_large_a, uniq_robin, uniq_crazy_yiuf_cottage,
          uniq_jessica, uniq_ijyb
D:4:      layout_loops_ring, lemuel_doored_altar, kennysheep_generic_room_12,
          uniq_blork_the_orc, uniq_menkaure
D:5:      layout_basic, uniq_sigmund, uniq_pikel
D:6:      layout_loops_cross, serial_glass, glass_columns_b, glass_columns_a,
          serial_shops, nicolae_inconvenience_store
D:7:      layout_rooms, minmay_temple_entry_trees, minmay_misc_feat_hallway,
          minivault_1
D:8:      nicolae_cairo_tiling_large, layout_cave_pools, lair_entry_dummy,
          uniq_maurice, uniq_harold
Temple:   mainiacjoe_temple_cubbyholes

Skill      XL: |  1  2  3  4  5  6  7  8  9 |
---------------+----------------------------+-----
Fighting       | 4 5 6 7 8 9 |  9.8
Armour         | 3 4 5 6 7 9 |  9.2
Axes           | 4 5 6 7 |  7.0
Dodging        | 3 4 5 6 |  6.3
Evocations     | 1 2 3 4 |  4.4
Long Blades    | 2 |  2.0

Action                   |  1- 3 |  4- 6 |  7- 9 || total
-------------------------+-------+-------+-------++-------
Melee: Hand axe          |    99 |   112 |   109 ||   320
       Headbutt          |    11 |    17 |    43 ||    71
       Punch             |     1 |     2 |     3 ||     6
       Unarmed           |       |    11 |       ||    11
       War axe           |       |       |   115 ||   115
       Scimitar          |       |       |    19 ||    19
Invok: Berserk           |       |     2 |     3 ||     5
Evoke: Wand              |       |     4 |     7 ||    11
  Use: Scroll            |       |     5 |     2 ||     7
       Potion            |       |       |     1 ||     1
Armor: Animal skin       |     4 |       |       ||     4
       Scale mail        |    37 |    44 |   119 ||   200
Dodge: Dodged            |    60 |    60 |   157 ||   277
